 Dungeon Sprint DCSS version 0.20-a0-263-g81abdfb (webtiles) character file.

53476089 wazuzu the Middleweight Champion (level 22, 200/233 HPs)
             Began as a Demonspawn Fighter on Dec 4, 2016.
             Was the Champion of Qazlal.
             Escaped with the Orb
             ... and 10 runes!
             The game lasted 01:02:29 (11885 turns).

wazuzu the Middleweight Champion (DsFi)            Turns: 11885, Time: 01:02:30

Health: 200/233    AC: 45    Str: 22    XL:     22   Next: 77%
Magic:  50/50      EV: 19    Int: 17    God:    Qazlal [******]
Gold:   1698       SH: 20    Dex: 15    Spells: 69/69 levels left

rFire  + + .     SeeInvis .       - Unarmed
rCold  + + .     Gourm    .     q - +4 gold dragon scales
rNeg   + . .     Faith    .     B - +1 buckler {AC+3}
rPois  +         Spirit   .     r - -2 hat of the Alchemist {rElec rPois rF+ rC+ rN+ MR+ rMut rCorr}
rElec  +         Reflect  .     o - +1 cloak
rCorr  +         Harm     .     G - +1 pair of gloves
rMut   +         NoTele   +     (boots unavailable)
MR     ++++.                    D - amulet of regeneration
Stlth  +.........               s - ring "Xojocwuo" {rF- MR+ Int+5}
                                E - +4 ring of protection

@: repel missiles
A: horns 1, talons 3, icy blue scales 2, fire resistance 1, ignite blood, magic
resistance 1, sense surroundings 1, powered by death 2, robust 1, flame cloud
immunity
0: Orb of Zot
}: 10/15 runes: decaying, serpentine, barnacled, slimy, elven, silver, golden,
abyssal, magical, gossamer
a: Upheaval, Elemental Force, Disaster Area, Renounce Religion


You escaped.
You worshipped Qazlal.
Qazlal was exalted by your worship.
You were hungry.

You visited 1 branch You collected 1986 gold pieces.
You spent 288 gold pieces at shops.

Inventory:

Armour
 o - a +1 cloak (worn)
 q - +4 gold dragon scales (worn)
 r - the -2 hat of the Alchemist (worn) {rElec rPois rF+ rC+ rN+ MR+ rMut rCorr}
   (You found it in the Dungeon)

   It protects you from fire.
   It protects you from cold.
   It insulates you from electricity.
   It protects you from poison.
   It protects you from negative energy.
   It affects your resistance to hostile enchantments.
   It protects you from acid and corrosion.
   It protects you from mutation.
 B - a +1 buckler of protection (worn)
 G - a +1 pair of gloves (worn)
Jewellery
 s - the ring "Xojocwuo" (right hand) {rF- MR+ Int+5}
   (You found it in the Dungeon)

   [ring of protection from magic]

   It affects your intelligence (+5).
   It makes you vulnerable to fire.
   It affects your resistance to hostile enchantments.
 D - an amulet of regeneration (around neck)
 E - a +4 ring of protection (left hand)
Wands
 y - a wand of hasting (5/9)
Scrolls
 j - a scroll of blinking
 k - 2 scrolls of enchant weapon
 l - 7 scrolls of remove curse
 m - 3 scrolls of amnesia
 t - 3 scrolls of recharging
 u - 5 scrolls of fear
 v - 3 scrolls of identify
 A - 6 scrolls of enchant armour
 C - a scroll of immolation
 F - a scroll of fog
Potions
 c - 3 potions of brilliance
 e - 12 potions of curing
 h - 3 potions of magic
 i - a potion of invisibility
 p - a potion of lignification
 z - 3 potions of cure mutation
Comestibles
 d - 7 bread rations
 w - 42 fruits
 x - 12 meat rations


   Skills:
 O Level 27 Fighting
 + Level 26.0 Throwing
 O Level 27 Armour
 O Level 27 Dodging
 + Level 25.9 Stealth
 O Level 27 Shields
 O Level 27 Unarmed Combat
 + Level 24.2 Spellcasting
 O Level 27 Invocations
 + Level 25.9 Evocations


You had 69 spell levels left.
You didn't know any spells.

Dungeon Overview and Level Annotations

Branches:
Dungeon (1/1)

Altars:
Cheibriados
Dithmenos
Elyvilon
Fedhas
Gozag
Hepliaklqana
Kikubaaqudgha
Makhleb
Nemelex Xobeh
Okawaru
Qazlal
Ru
Sif Muna
Trog
Uskayaw
Vehumet
Xom
Yredelemnul
Zin
The Shining One
Beogh
Jiyva
Lugonu

Shops:
D }%}*

Annotations:
D Antaeus, Asmodeus, Gloorx Vloq, Lom Lobon


Innate Abilities, Weirdness & Mutations

You have claws for feet.
You are mostly covered in icy blue scales. (AC +3)
Your flesh is heat resistant. (rF+)
Your demonic aura causes spilled blood to erupt in flames.
You regenerate health from kills.
You are robust. (+10% HP)
You are immune to clouds of flame.
You have a pair of small horns on your head.
You are resistant to hostile enchantments. (MR+)
You passively map a small area around you.


Message History

Things that are here:
a flail of protection; 4 tomahawks; a scale mail
There is an open door here.
Something shouts, "Go and return not, thou bumbling moon-mazed strumpet!"
You see here a tomahawk.
A white imp comes into view.
The white imp gestures at you.
The puff of frost is repelled.
Things that are here:
a dagger x2; a club The white imp gestures at you.
You block the puff of frost. You block the white imp's attack.
There is an open door to the Dungeon here.
You squash the white imp like an ant!!!
You kill the white imp!
Qazlal accepts your kill.
There is a staircase leading out of the dungeon here.
You can't go down here!
You have escaped!

▓▓▓▓▓▓▓▓▓▓▓▓▓▓▓▓▓▓
▓@...'.)..(').)..'
▓▓▓▓▓▓▓▓▓▓▓▓▓▓▓▓▓▓
▓.................
▓.▓▓▓▓▓▓▓▓▓▓▓▓▓▓▓▓
▓.......'.....)...
▓▓▓▓▓▓▓▓▓▓▓▓▓▓▓▓▓▓
▓.................
▓.▓▓▓▓▓▓▓▓▓▓▓▓▓▓▓▓
▓.............[.))


There were no monsters in sight!

Vanquished Creatures
  the Royal Jelly (D)
  Ereshkigal (D)
  2 orbs of fire (D)
  5 ancient liches (D)
  6 pandemonium lords (D)
  Mara (D)
  Mennas (D)
  6 greater mummies (D)
  Boris (D)
  Xtahua (D)
  Geryon (D)
  A curse toe (D)
  2 Killer Klowns (D)
  2 bone dragons (D)
  3 golden dragons (D)
  Jory (D)
  2 liches (D)
  An electric golem (D)
  A Tzitzimitl (D)
  6 tentacled monstrosities (D)
  A Hell Sentinel (D)
  2 Ice Fiends (D)
  5 deep elf blademasters (D)
  42 Orb Guardians (D)
  10 acid blobs (D)
  3 death cobs (D)
  13 sphinxes (D)
  2 Executioners (D)
  A deep elf master archer (D)
  Gastronok (D)
  Agnes (D)
  Frances (D)
  2 tengu reavers (D)
  2 draconian monks (D)
  2 storm dragons (D)
  7 shadow dragons (D)
  8 azure jellies (D)
  A fire giant (D)
  4 nagarajas (D)
  A draconian knight (D)
  A ghost moth (D)
  A draconian scorcher (D)
  3 balrugs (D)
  3 deep elf sorcerers (D)
  Louise (D)
  A draconian shifter (D)
  6 frost giants (D)
  Aizul (D)
  2 draconian stormcallers (D)
  4 emperor scorpions (D)
  2 ironheart preservers (D)
  A cacodemon (D)
  2 vault wardens (D)
  4 stone giants (D)
  4 draconian annihilators (D)
  An entropy weaver (D)
  A very ugly thing (D)
  A deep elf demonologist (D)
  10 vampire knights (D)
  Nessos (D)
  4 green draconians (D)
  A spark wasp (D)
  5 black draconians (D)
  3 red draconians (D)
  A white draconian (D)
  A purple draconian (D)
  6 yellow draconians (D)
  Snorg (D)
  2 deep elf death magi (D)
  6 merfolk javelineers (D)
  4 ettins (D)
  A blizzard demon (D)
  2 mummy priests (D)
  10 death oozes (D)
  2 fire dragons (D)
  A merfolk impaler (D)
  7 ogre magi (D)
  4 yaktaur captains (D)
  A great orb of eyes (D)
  2 ice dragons (D)
  2 deep elf high priests (D)
  3 rakshasas (D)
  4 naga warriors (D)
  9 hydras (D)
  25 vault guards (D)
  A monstrous demonspawn (D)
  Erica (D)
  A hell beast (D)
  2 centaur warriors (D)
  A deep troll shaman (D)
  An alligator snapping turtle (D)
  3 merfolk aquamancers (D)
  A tengu warrior (D)
  A deep troll earth mage (D)
  A naga sharpshooter (D)
  A soul eater (D)
  4 sun demons (D)
  2 shock serpents (D)
  A thrashing horror (D)
  6 small abominations (D)
  3 deep elf knights (D)
  8 sixfirhies (D)
  A flayed ghost (D)
  6 swamp dragons (D)
  2 glowing orange brains (D)
  A deep elf archer (D)
  2 gelid demonspawn (D)
  2 necromancers (D)
  2 lindwurms (D)
  3 ironbrand convokers (D)
  A hill giant (D)
  8 orc knights (D)
  3 ugly things (D)
  6 wolf spiders (D)
  A cyclops (D)
  2 manticores (D)
  A mana viper (D)
  A deep elf mage (D)
  10 moths of wrath (D)
  3 black mambas (D)
  A black mamba (shapeshifter) (D)
  3 guardian serpents (D)
  2 vault sentinels (D)
  A merfolk siren (D)
  3 rust devils (D)
  A naga mage (D)
  A toenail golem (D)
  3 spiny frogs (D)
  7 orange demons (D)
  A hellion (D)
  6 smoke demons (D)
  A kobold demonologist (D)
  An efreet (D)
  4 yaktaurs (D)
  11 hellwings (D)
  A demonic crawler (D)
  2 ancient zymes (D)
  A troll (shapeshifter) (D)
  2 ice devils (D)
  20 guardian mummies (D)
  5 red devils (D)
  A tengu conjurer (D)
  A merfolk (D)
  A wandering mushroom (D)
  3 jumping spiders (D)
  2 tyrant leeches (D)
  4 slime creatures (D)
  2 two-headed ogres (D)
  4 snapping turtles (D)
  3 hornets (D)
  3 hippogriffs (D)
  A blink frog (D)
  2 shadows (D)
  A yak (D)
  A water elemental (D)
  2 ynoxinuls (D)
  A tarantella (D)
  5 redbacks (D)
  A spriggan (shapeshifter) (D)
  2 wraiths (D)
  13 spriggans (D)
  A wyvern (D)
  2 neqoxecs (D)
  Eustachio (D)
  5 golden eyes (D)
  8 chaos spawn (D)
  4 large abominations (D)
  3 nagas (D)
  2 water moccasins (D)
  2 floating eyes (D)
  10 orc warriors (D)
  5 porcupines (D)
  4 eyes of draining (D)
  A black bear (D)
  7 ogres (D)
  3 bullfrogs (D)
  A scorpion (D)
  2 crimson imps (D)
  A quasit (D)
  4 iron imps (D)
  2 hounds (D)
  A jelly (D)
  3 orc priests (D)
  5 orc wizards (D)
  An iguana (D)
  A worker ant (D)
  3 shadow imps (D)
  3 white imps (D)
  5 worms (D)
  4 ball lightnings (D)
  An adder simulacrum (D)
  9 orcs (D)
  2 bats (D)
  A goblin (D)
  2 hobgoblins (D)
  A frilled lizard (D)
  A kobold (D)
  A rat (D)
  2 crawling corpses (D)
  A fire vortex (D)
649 creatures vanquished.

Vanquished Creatures (others)
  Cerebov (D)
  Ilsuiw (D)
  A rakshasa (D)
  A merfolk aquamancer (D)
  10 ball lightnings (D)
14 creatures vanquished.

Grand Total: 663 creatures vanquished

Notes
Turn   | Place    | Note
-------+----------+-------------------------------------------
     0 | D        | wazuzu the Demonspawn Fighter began the quest for the Orb.
     0 | D        | Reached XP level 1. HP: 18/18 MP: 1/1
    51 | D        | Noticed a jelly
    51 | D        | Noticed a worker ant
    51 | D        | Noticed an iguana
    58 | D        | Killed a jelly
    58 | D        | Gained mutation: You have sharp toenails. [demonic ancestry]
    58 | D        | Reached XP level 2. HP: 24/24 MP: 2/2
    58 | D        | Reached XP level 3. HP: 29/29 MP: 3/3
    65 | D        | Reached XP level 4. HP: 34/35 MP: 4/4
   110 | D        | Found a roughly hewn altar of Beogh.
   110 | D        | Found a snail-covered altar of Cheibriados.
   110 | D        | Found a shadowy altar of Dithmenos.
   110 | D        | Found a white marble altar of Elyvilon.
   110 | D        | Found a blossoming altar of Fedhas.
   110 | D        | Found an opulent altar of Gozag.
   111 | D        | Found a hazy altar of Hepliaklqana.
   112 | D        | Found a viscous altar of Jiyva.
   113 | D        | Found an ancient bone altar of Kikubaaqudgha.
   114 | D        | Found a corrupted altar of Lugonu.
   115 | D        | Found a burning altar of Makhleb.
   116 | D        | Found a sparkling altar of Nemelex Xobeh.
   117 | D        | Found an iron altar of Okawaru.
   118 | D        | Found a stormy altar of Qazlal.
   119 | D        | Found a sacrificial altar of Ru.
   120 | D        | Found a deep blue altar of Sif Muna.
   121 | D        | Found a bloodstained altar of Trog.
   122 | D        | Found a hide-covered altar of Uskayaw.
   123 | D        | Found a radiant altar of Vehumet.
   124 | D        | Found a shimmering altar of Xom.
   125 | D        | Found a basalt altar of Yredelemnul.
   126 | D        | Found a glowing silver altar of Zin.
   127 | D        | Found a glowing golden altar of the Shining One.
   134 | D        | Became a worshipper of Qazlal Stormbringer
   187 | D        | Noticed a wraith
   187 | D        | Noticed a wyvern
   201 | D        | Reached skill level 1 in Dodging
   201 | D        | Reached XP level 5. HP: 38/42 MP: 5/5
   211 | D        | Reached * piety under Qazlal
   214 | D        | Killed a wraith
   214 | D        | Reached skill level 5 in Fighting
   214 | D        | Reached skill level 5 in Armour
   214 | D        | Reached XP level 6. HP: 38/51 MP: 6/6
   216 | D        | Reached skill level 10 in Unarmed Combat
   223 | D        | Killed a wyvern
   223 | D        | Reached ** piety under Qazlal
   223 | D        | Gained mutation: Your flesh is heat resistant. (rF+) [demonic ancestry]
   223 | D        | Reached XP level 7. HP: 46/59 MP: 7/7
   296 | D        | Noticed a deep elf mage
   296 | D        | Noticed a troll
   296 | D        | Noticed a red ugly thing
   314 | D        | Killed a deep elf mage
   314 | D        | Reached skill level 5 in Dodging
   327 | D        | Killed a troll
   327 | D        | Gained mutation: You are immune to clouds of flame. [demonic ancestry]
   327 | D        | Reached XP level 8. HP: 53/68 MP: 8/8
   340 | D        | Killed a green ugly thing
   340 | D        | Reached *** piety under Qazlal
   355 | D        | Gained mutation: Your system is resistant to poisons. (rPois) [mutagenic meat]
   356 | D        | Gained mutation: Scrolls take you a little longer to read. [mutagenic meat]
   357 | D        | Gained mutation: You are clumsy. (Dex -2) [mutagenic meat]
   518 | D        | Noticed a hippogriff
   518 | D        | Noticed a spiny frog
   521 | D        | Noticed a spiny frog
   528 | D        | Killed a hippogriff
   530 | D        | Reached **** piety under Qazlal
   542 | D        | Lost mutation: Scrolls take you a little longer to read. [potion of cure mutation]
   542 | D        | Lost mutation: Your system is resistant to poisons. (rPois) [potion of cure mutation]
   542 | D        | Lost mutation: You are clumsy. (Dex -2) [potion of cure mutation]
   552 | D        | Killed a spiny frog
   552 | D        | Gained mutation: Your demonic aura causes spilled blood to erupt in flames. [demonic ancestry]
   552 | D        | Reached XP level 9. HP: 28/76 MP: 9/9
   557 | D        | Reached ***** piety under Qazlal
   562 | D        | Killed a spiny frog
   918 | D        | Noticed a six-headed hydra
   924 | D        | Reached skill level 10 in Fighting
   928 | D        | Killed a six-headed hydra
   928 | D        | Gained mutation: You regenerate a little health from kills. [demonic ancestry]
   928 | D        | Reached XP level 10. HP: 77/86 MP: 10/10
   937 | D        | Reached ****** piety under Qazlal
  1001 | D        | Noticed a lindwurm
  1002 | D        | Noticed a lindwurm
  1004 | D        | Killed a lindwurm
  1004 | D        | Reached skill level 10 in Armour
  1016 | D        | Reached skill level 15 in Unarmed Combat
  1033 | D        | Killed a lindwurm
  1094 | D        | Noticed Gastronok
  1111 | D        | Killed Gastronok
  1111 | D        | Reached skill level 10 in Dodging
  1151 | D        | Noticed Eustachio
  1157 | D        | Killed Eustachio
  1217 | D        | Gained mutation: You are partially covered in icy blue scales. (AC +2) [demonic ancestry]
  1217 | D        | Reached XP level 11. HP: 74/95 MP: 9/16
  1265 | D        | Noticed an orc knight
  1266 | D        | Noticed an orc knight
  1272 | D        | Killed an orc knight
  1273 | D        | Noticed an orc knight
  1283 | D        | Killed an orc knight
  1292 | D        | Killed an orc knight
  1340 | D        | Found Gytufesmel's Gadget Emporium.
  1341 | D        | Reached skill level 10 in Invocations
  1345 | D        | Found Radghomu's Food Shoppe.
  1348 | D        | Noticed an ogre mage
  1354 | D        | Found Cetus's Gadget Emporium.
  1356 | D        | Noticed an ogre mage
  1360 | D        | Killed an ogre mage
  1361 | D        | Found Cusohila's General Store.
  1361 | D        | Noticed an ogre mage
  1365 | D        | Noticed an ogre mage
  1370 | D        | Killed an ogre mage
  1375 | D        | Killed an ogre mage
  1378 | D        | Killed an ogre mage
  1405 | D        | Bought a potion of might for 48 gold pieces
  1405 | D        | Bought a +1 buckler of protection for 198 gold pieces
  1405 | D        | Bought a scroll of immolation for 42 gold pieces
  1577 | D        | Noticed Erica
  1585 | D        | Killed Erica
  1730 | D        | Noticed a centaur warrior
  1730 | D        | Noticed a hill giant
  1733 | D        | Killed a centaur warrior
  1733 | D        | Reached skill level 5 in Shields
  1733 | D        | Reached skill level 15 in Invocations
  1739 | D        | Gained mutation: You are mostly covered in icy blue scales. (AC +3) [demonic ancestry]
  1739 | D        | Reached XP level 12. HP: 83/102 MP: 14/23
  1750 | D        | Noticed a tengu warrior
  1756 | D        | Noticed an ettin
  1759 | D        | Noticed a stone giant
  1773 | D        | Killed a tengu warrior
  1788 | D        | Killed a stone giant
  1789 | D        | Killed an ettin
  1791 | D        | Noticed a deep troll earth mage
  1796 | D        | Killed a deep troll earth mage
  2035 | D        | Noticed Agnes
  2045 | D        | Killed Agnes
  2200 | D        | Noticed Frances
  2209 | D        | Killed Frances
  2379 | D        | Noticed Aizul
  2398 | D        | Killed Aizul
  2797 | D        | Noticed a four-headed hydra
  2798 | D        | Killed a four-headed hydra
  2798 | D        | Reached XP level 13. HP: 108/108 MP: 27/27
  3138 | D        | Noticed a spark wasp
  3172 | D        | Killed a spark wasp
  3478 | D        | Noticed a stone giant
  3478 | D        | Noticed a tengu reaver
  3478 | D        | Noticed a frost giant
  3481 | D        | Noticed a tengu reaver
  3491 | D        | Killed a stone giant
  3493 | D        | Noticed a lich
  3494 | D        | Killed a tengu reaver
  3494 | D        | Killed a tengu reaver
  3494 | D        | Killed a lich
  3496 | D        | Killed a frost giant
  3496 | D        | Gained mutation: You regenerate health from kills. [demonic ancestry]
  3496 | D        | Reached XP level 14. HP: 28/115 MP: 14/28
  3500 | D        | Noticed a frost giant
  3512 | D        | Killed a frost giant
  3700 | D        | Noticed an ironheart preserver
  3717 | D        | Noticed a sphinx
  3726 | D        | Noticed a vault warden
  3730 | D        | Killed an ironheart preserver
  3742 | D        | Killed a vault warden
  3747 | D        | Noticed a vault warden
  3749 | D        | Killed a sphinx
  3751 | D        | Noticed an entropy weaver
  3751 | D        | Killed a vault warden
  3754 | D        | Noticed a storm dragon
  3757 | D        | Killed an entropy weaver
  3764 | D        | Killed a storm dragon
  3764 | D        | Reached skill level 27 in Unarmed Combat
  3936 | D        | Noticed Snorg
  3946 | D        | Killed Snorg
  4105 | D        | Noticed Nessos
  4109 | D        | Killed Nessos
  4124 | D        | Noticed Louise
  4131 | D        | Noticed Boris
  4142 | D        | Killed Louise
  4172 | D        | Killed Boris
  4172 | D        | Reached XP level 15. HP: 98/125 MP: 21/29
  4205 | D        | Noticed Mennas
  4251 | D        | Killed Mennas
  4329 | D        | Reached skill level 15 in Fighting
  4360 | D        | Got a decaying rune of Zot
  4377 | D        | Killed a ghost moth
  4377 | D        | Reached skill level 15 in Armour
  4406 | D        | Reached skill level 15 in Dodging
  4449 | D        | Got a gossamer rune of Zot
  4522 | D        | Noticed a nagaraja
  4527 | D        | Noticed a nagaraja
  4528 | D        | Noticed a nagaraja
  4531 | D        | Killed a nagaraja
  4543 | D        | Noticed a nagaraja
  4551 | D        | Killed a nagaraja
  4555 | D        | Killed a nagaraja
  4567 | D        | Killed a nagaraja
  4586 | D        | Got a serpentine rune of Zot
  4594 | D        | Noticed Ilsuiw
  4625 | D        | Killed Ilsuiw
  4640 | D        | Reached XP level 16. HP: 136/136 MP: 33/33
  4645 | D        | Reached skill level 27 in Invocations
  4671 | D        | Got a barnacled rune of Zot
  4719 | D        | Noticed Jory
  4741 | D        | Killed Jory
  4786 | D        | Noticed Mara
  4790 | D        | Noticed wazuzu's illusion
  4818 | D        | Noticed wazuzu's illusion
  4865 | D        | Noticed wazuzu's illusion
  4881 | D        | Killed Mara
  5193 | D        | Noticed a shadow dragon
  5207 | D        | Killed a shadow dragon
  5211 | D        | Noticed a shadow dragon
  5216 | D        | Noticed a shadow dragon
  5223 | D        | Killed a shadow dragon
  5241 | D        | Killed a shadow dragon
  5283 | D        | Noticed a shadow dragon
  5283 | D        | Noticed a shadow dragon
  5283 | D        | Noticed a shadow dragon
  5288 | D        | Noticed a shadow dragon
  5291 | D        | Noticed a tentacled monstrosity
  5300 | D        | Killed a shadow dragon
  5300 | D        | Gained mutation: You have razor-sharp toenails. [demonic ancestry]
  5300 | D        | Reached XP level 17. HP: 157/157 MP: 34/34
  5315 | D        | Killed a tentacled monstrosity
  5351 | D        | Got a silver rune of Zot
  5353 | D        | Got a vibrating bone ring
  5355 | D        | Identified the ring "Xojocwuo" {rF- MR+ Int+5} (You found it in the Dungeon)
  5497 | D        | Got the amulet "Xofaw" {Gourm Int+3}
  5499 | D        | Got the amulet of Eternal Night {RegenMP Int+5}
  5501 | D        | Got the ring "Puwk" {+Fly MP+9 AC+3}
  5503 | D        | Got the amulet "Aditiw" {Gourm rC+ Int-2 Dex+5}
  5505 | D        | Got the amulet "Pojekh" {Spirit rF+}
  5606 | D        | Noticed Xtahua
  5622 | D        | Killed Xtahua
  5714 | D        | Noticed a bone dragon
  5714 | D        | Noticed a bone dragon
  5731 | D        | Killed a bone dragon
  5744 | D        | Killed a bone dragon
  5875 | D        | Noticed a golden dragon
  5892 | D        | Killed a golden dragon
  6156 | D        | Noticed a tentacled monstrosity
  6156 | D        | Reached XP level 18. HP: 142/175 MP: 22/35
  6168 | D        | Killed a tentacled monstrosity
  6236 | D        | Noticed a tentacled monstrosity
  6236 | D        | Noticed a curse toe
  6236 | D        | Noticed a tentacled monstrosity
  6248 | D        | Killed a tentacled monstrosity
  6261 | D        | Killed a tentacled monstrosity
  6270 | D        | Killed a curse toe
  6587 | D        | Noticed an Orb Guardian
  6587 | D        | Noticed an Orb Guardian
  6587 | D        | Noticed an Orb Guardian
  6587 | D        | Noticed an Orb Guardian
  6587 | D        | Noticed an Orb Guardian
  6587 | D        | Noticed an Orb Guardian
  6594 | D        | Noticed an Orb Guardian
  6596 | D        | Killed an Orb Guardian
  6597 | D        | Noticed an Orb Guardian
  6611 | D        | Killed an Orb Guardian
  6613 | D        | Killed an Orb Guardian
  6617 | D        | Noticed an Orb Guardian
  6623 | D        | Killed an Orb Guardian
  6629 | D        | Killed an Orb Guardian
  6636 | D        | Killed an Orb Guardian
  6638 | D        | Noticed an Orb Guardian
  6642 | D        | Killed an Orb Guardian
  6650 | D        | Killed an Orb Guardian
  6653 | D        | Killed an Orb Guardian
  6665 | D        | Killed an Orb Guardian
  6665 | D        | Reached skill level 27 in Fighting
  6675 | D        | Noticed a tentacled monstrosity
  6675 | D        | Noticed an Orb Guardian
  6675 | D        | Noticed an Orb Guardian
  6675 | D        | Noticed a Killer Klown
  6680 | D        | Noticed an Orb Guardian
  6684 | D        | Killed a tentacled monstrosity
  6685 | D        | Noticed an Orb Guardian
  6694 | D        | Killed an Orb Guardian
  6698 | D        | Killed an Orb Guardian
  6702 | D        | Killed a Killer Klown
  6709 | D        | Killed an Orb Guardian
  6716 | D        | Killed an Orb Guardian
  6725 | D        | Noticed an ancient lich
  6734 | D        | Killed an ancient lich
  6736 | D        | Noticed an orb of fire
  6739 | D        | Gained mutation: You passively map a small area around you. [an orb of fire]
  6748 | D        | Gained mutation: You have a pair of small horns on your head. [an orb of fire]
  6752 | D        | Gained mutation: You expend magic power (3 MP) to strengthen your wands. [an orb of fire]
  6757 | D        | Killed an orb of fire
  6757 | D        | Reached skill level 27 in Armour
  6757 | D        | Reached skill level 27 in Dodging
  6757 | D        | Reached XP level 19. HP: 146/189 MP: 36/36
  6760 | D        | Noticed an electric golem
  6767 | D        | Noticed a golden dragon
  6767 | D        | Noticed an ancient lich
  6773 | D        | Noticed an orb of fire
  6779 | D        | Noticed a Killer Klown
  6785 | D        | Killed an electric golem
  6785 | D        | Reached skill level 5 in Throwing
  6785 | D        | Reached skill level 5 in Stealth
  6785 | D        | Reached skill level 5 in Spellcasting
  6785 | D        | Reached skill level 5 in Evocations
  6790 | D        | Killed an ancient lich
  6795 | D        | Killed a golden dragon
  6798 | D        | Killed an orb of fire
  6852 | D        | Noticed an ancient lich
  6860 | D        | Killed an ancient lich
  6860 | D        | Reached skill level 10 in Stealth
  6860 | D        | Reached skill level 10 in Evocations
  6863 | D        | Reached skill level 10 in Throwing
  6863 | D        | Reached skill level 10 in Spellcasting
  6881 | D        | Killed a Killer Klown
  6938 | D        | Noticed an ancient lich
  6947 | D        | Killed an ancient lich
  6959 | D        | Noticed a golden dragon
  6970 | D        | Killed a golden dragon
  7133 | D        | Reached skill level 15 in Stealth
  7133 | D        | Reached skill level 15 in Evocations
  7179 | D        | Gained mutation: You have claws for feet. [demonic ancestry]
  7179 | D        | Reached XP level 20. HP: 133/197 MP: 34/38
  7270 | D        | Noticed an ancient lich
  7287 | D        | Reached skill level 15 in Throwing
  7287 | D        | Reached skill level 15 in Spellcasting
  7294 | D        | Killed an ancient lich
  7420 | D        | Reached skill level 10 in Shields
  7466 | D        | Got an elven rune of Zot
  7476 | D        | Paralysed by a floating eye for 4 turns
  7481 | D        | Reached skill level 15 in Shields
  7483 | D        | Noticed the Royal Jelly
  7489 | D        | Killed the Royal Jelly
  7571 | D        | Got a slimy rune of Zot
  7892 | D        | Gained mutation: You are robust. (+10% HP) [demonic ancestry]
  7892 | D        | Reached XP level 21. HP: 161/224 MP: 42/42
  8330 | D        | Noticed a greater mummy
  8330 | D        | Noticed a greater mummy
  8330 | D        | Noticed a greater mummy
  8333 | D        | Killed a greater mummy
  8334 | D        | Noticed a greater mummy
  8335 | D        | Killed a greater mummy
  8335 | D        | Reached skill level 27 in Shields
  8335 | D        | Killed a greater mummy
  8342 | D        | Noticed a greater mummy
  8349 | D        | Killed a greater mummy
  8352 | D        | Killed a greater mummy
  8354 | D        | Noticed a greater mummy
  8435 | D        | Killed a greater mummy
  8717 | D        | Gained mutation: You are resistant to hostile enchantments. (MR+) [potion of mutation]
  8717 | D        | Lost mutation: You expend magic power (3 MP) to strengthen your wands. [potion of mutation]
  8977 | D        | Got a golden rune of Zot
  9022 | D        | Got an abyssal rune of Zot
  9145 | D        | Noticed Geryon
  9178 | D        | Killed Geryon
  9180 | D        | Noticed Lom Lobon
  9180 | D        | Noticed Cerebov
  9181 | D        | Noticed Ereshkigal
  9222 | D        | Killed Ereshkigal
  9225 | D        | Noticed Antaeus
  9231 | D        | Killed Cerebov
  9234 | D        | Noticed Gloorx Vloq
  9244 | D        | Noticed Asmodeus
  9244 | D        | Got a magical rune of Zot
  9627 | D        | Got the Orb of Zot
 10047 | D        | Noticed Plog the pandemonium lord
 10066 | D        | Killed Plog the pandemonium lord
 10108 | D        | Noticed Kautwis the pandemonium lord
 10146 | D        | Killed Kautwis the pandemonium lord
 10265 | D        | Noticed Tuochuk the pandemonium lord
 10288 | D        | Killed Tuochuk the pandemonium lord
 10288 | D        | Reached XP level 22. HP: 122/233 MP: 46/46
 10799 | D        | Noticed Zoileofo the pandemonium lord
 10802 | D        | Noticed Peugeckau the pandemonium lord
 10849 | D        | Killed Peugeckau the pandemonium lord
 10892 | D        | Killed Zoileofo the pandemonium lord
 11503 | D        | Noticed Udghoreb the pandemonium lord
 11541 | D        | Killed Udghoreb the pandemonium lord
 11885 | D        | Escaped with the Orb!

Vault maps used:
D:        linesprint

Skill      XL: |  1  2  3  4  5  6  7  8  9 10 11 12 13 14 15 16 17 18 19 20 21 22 |
---------------+-------------------------------------------------------------------+-----
Unarmed Combat | 6 8 9 10 11 13 14 15 16 19 23 27 | 27.0
Armour         | 3 5 7 8 9 10 11 12 15 19 22 27 | 27.0
Shields        | 3 5 6 24 27 | 27.0
Fighting       | 4 5 6 7 9 10 11 12 13 15 20 24 27 | 27.0
Dodging        | 1 3 4 6 7 9 10 12 15 19 23 27 | 27.0
Invocations    | 7 15 20 26 27 | 27.0
Throwing       | 2 14 17 23 26 | 26.0
Stealth        | 2 16 18 22 25 | 25.9
Spellcasting   | 2 14 17 20 24 | 24.2
Evocations     | 2 16 18 22 25 | 25.9

Action                   |  1- 3 |  4- 6 |  7- 9 | 10-12 | 13-15 | 16-18 | 19-21 | 22-24 || total
-------------------------+-------+-------+-------+-------+-------+-------+-------+-------++-------
Melee: Unarmed           |    27 |    32 |   103 |   237 |   409 |   695 |   739 |   569 ||  2811
       Kick              |     2 |       |       |       |   139 |   250 |   287 |   188 ||   866
       Punch             |       |       |     5 |    20 |    17 |       |       |       ||    42
       Headbutt          |       |       |       |       |       |     2 |   193 |   136 ||   331
Invok: Upheaval          |       |       |       |     9 |    24 |    18 |    32 |       ||    83
       Disaster Area     |       |       |       |       |     6 |     2 |     9 |     1 ||    18
  Use: Potion            |     1 |     1 |     4 |       |     7 |     6 |     7 |       ||    26
       Scroll            |       |       |       |       |       |       |     6 |       ||     6
  Eat: Chunk             |       |       |     3 |     4 |       |     6 |       |       ||    13
       Bread ration      |       |       |       |     1 |     1 |       |     4 |       ||     6
Armor: Scale mail        |    10 |       |       |       |       |       |       |       ||    10
       Ring mail         |       |    21 |    27 |    20 |       |       |       |       ||    68
       Swamp dragon scal |       |       |       |    20 |    37 |       |       |       ||    57
       Storm dragon scal |       |       |       |       |   117 |    59 |       |       ||   176
       Gold dragon scale |       |       |       |       |       |   121 |   211 |   103 ||   435
Dodge: Dodged            |     9 |    30 |    45 |    74 |   148 |   140 |   182 |   111 ||   739
       Deflected         |       |       |       |     1 |     7 |     7 |     3 |     4 ||    22
Block: Other             |       |     2 |    18 |    55 |    33 |       |       |       ||   108
       Buckler           |       |       |       |       |   145 |   193 |   323 |   308 ||   969
